 Dungeon Crawl Stone Soup version 0.31-a0-355-g57cb03d3e8 (webtiles) character file.

Game seed: 6306537482941204453

518 randomguy2701 the Chopper (level 7, -4/64 HPs)
             Began as a Hill Orc Monk on July 24, 2023.
             Was a Believer of Beogh.
             Slain by an ogre
             ... wielding a +0 giant spiked club
              (17 damage)
             ... on level 5 of the Dungeon.
             The game lasted 00:06:36 (5063 turns).

randomguy2701 the Chopper (Hill Orc Monk)           Turns: 5063, Time: 00:06:37

Health: -4/64      AC:  5    Str: 16    XL:     7   Next: 21%
Magic:  7/7        EV: 13    Int: 10    God:    Beogh [**....]
Gold:   294        SH:  0    Dex: 19    Spells: 6/6 levels left

rFire   . . .        a - +0 hand axe
rCold   . . .        d - orb {light}
rNeg    . . .        w - +3 ring mail
rPois   .            (no helmet)
rElec   .            (no cloak)
rCorr   .            (no gloves)
SInv    .            k - +0 pair of boots
Will    .....        (no amulet)
Stlth   +            f - +6 ring of dexterity
HPRegen 0.30/turn    (no ring)
MPRegen 0.10/turn

%: no passive effects
@: corroded, glowing
A: no striking features
a: Renounce Religion, Smiting


You were on level 5 of the Dungeon.
You worshipped Beogh.
Beogh was pleased with you.
You visited 1 branch of the dungeon, and saw 7 of its levels.

You collected 294 gold pieces.

Inventory:

Hand Weapons
 a - a +0 hand axe (weapon)
Armour
 b - a +0 robe
 d - an orb of light (worn)
 j - a +0 ring mail
 k - a +0 pair of boots (worn)
 w - a +3 ring mail (worn)
Jewellery
 f - a +6 ring of dexterity (left hand)
 n - a ring of protection from cold
 q - a ring of see invisible
Wands
 t - a wand of flame (14)
Scrolls
 g - a scroll of noise {unknown}
 h - 3 scrolls of amnesia {unknown}
 i - 3 scrolls of teleportation {unknown}
 o - 4 scrolls of identify {unknown}
 r - 2 scrolls of enchant weapon {unknown}
 s - a scroll of blinking {unknown}
 v - a scroll of revelation {unknown}
 y - a scroll of poison {unknown}
 B - a scroll of fear {unknown}
Potions
 c - a potion of ambrosia
 e - 6 potions of enlightenment {unknown}
 l - 3 potions of berserk rage {unknown}
 m - 3 potions of curing {unknown}
 p - a potion of magic {unknown}
 u - 4 potions of heal wounds {unknown}
 x - a potion of haste {unknown}
 z - 2 potions of mutation {unknown}
 A - a potion of attraction {unknown}


   Skills:
 + Level 6.3 Fighting
 + Level 6.8 Axes
 + Level 4.2 Dodging


You had 6 spell levels left.
You didn't know any spells.
Your spell library contained the following spells:

 Spells                   Type           Power      Damage    Failure   Level
 Sting                    Tmut/Pois      0%         1d3       58%         1
 Poisonous Vapours        Pois/Air       0%         N/A       73%         2
 Scorch                   Fire           0%         2d5       73%         2
 Stone Arrow              Conj/Erth      0%         3d7       91%         3
 Animate Armour           Summ/Erth      0%         N/A       100%        4
 Flame Wave               Conj/Fire      0%         2d4       100%        4
 Olgreb's Toxic Radiance  Pois           0%         N/A       100%        4
 Summon Cactus Giant      Summ           0%         N/A       100%        6
 Lehudib's Crystal Spear  Conj/Erth      0%         10d2      100%        8


Dungeon Overview and Level Annotations

Branches:
Dungeon (7/15)             Temple (0/1) D:5

Altars:
Dithmenos
Makhleb
Okawaru

Shops:
D:2 [   D:3 (   D:4 *


Message History

No target in view!
No target in view!
No target in view!
A jelly and an ogre come into view.
Found a sling and a leather armour.
The jelly quivers.
The ogre shouts!
You see here a scorpion corpse.
The ogre hits you with a +0 giant spiked club!!
You hit the ogre.
The ogre is lightly wounded.
You slash the ogre!
The ogre is heavily wounded.
The ogre completely misses you.
You completely miss the ogre.
The ogre is heavily wounded.
The ogre hits you with a +0 giant spiked club!
You are too injured to fight recklessly!
You are too injured to fight recklessly!
You are too injured to fight recklessly!
You are too injured to fight recklessly!
You are too injured to fight recklessly!
You are too injured to fight recklessly!
You are too injured to fight recklessly!
You slash the ogre!
The ogre is severely wounded.
You hit the jelly but do no damage. The acid corrodes you!
Your hands burn!
The jelly hits you.
You are splashed with acid!
* * * LOW HITPOINT WARNING * * *
You hit the ogre but do no damage.
The ogre is severely wounded.
You hit the jelly.
Your hands burn!
* * * LOW HITPOINT WARNING * * *
The ogre closely misses you. The jelly closely misses you.
You hit the ogre.
The ogre is almost dead.
You hit the jelly but do no damage.
Your hands burn!
* * * LOW HITPOINT WARNING * * *
The ogre hits you with a +0 giant spiked club!
You die...

....#. #..# #####
.[⌠..#.########.####....
........#............##.
⌠.>.⌠..........########.
........######## #.
..⌠.....################
........................
........†....###########
......J@####..).#
#......O# ####.##
#.....).# #..#####
######### ##.....###
#####.... #####


You could see an ogre and a jelly.

Vanquished Creatures
  2 scorpions
  A hound (D:4)
  A jelly (D:3)
  An orc priest (D:7)
  Jessica (D:3)
  2 iguanas
  A sleepcap (D:4)
  Natasha (thrice) (D:2)
  3 adders
  A white imp (D:5)
  An ufetubus (D:5)
  2 worms
  2 dart slugs
  14 orcs
  10 ball pythons
  11 endoplasms
  6 giant cockroaches
  6 goblins
  7 hobgoblins
  3 kobolds
  7 quokkas
  9 bats
  4 frilled lizards
  5 rats
103 creatures vanquished.

Vanquished Creatures (others)
  An orc wizard (D:4)
1 creature vanquished.

Grand Total: 104 creatures vanquished

Notes
Turn   | Place    | Note
-------+----------+-------------------------------------------
     0 | D:1      | randomguy2701 the Hill Orc Monk began the quest for the
                  | Orb.
     0 | D:1      | Reached XP level 1. HP: 19/19 MP: 1/1
   212 | D:1      | Reached XP level 2. HP: 9/27 MP: 2/2
   936 | D:2      | Noticed Natasha
   944 | D:2      | Killed Natasha
   945 | D:2      | Reached XP level 3. HP: 14/34 MP: 3/3
  1166 | D:2      | Reached XP level 4. HP: 41/41 MP: 4/4
  1414 | D:2      | Noticed Natasha
  1428 | D:2      | Killed Natasha
  1429 | D:2      | Reached skill level 5 in Axes
  1468 | D:2      | Noticed Natasha
  1479 | D:2      | Killed Natasha
  1480 | D:2      | Reached XP level 5. HP: 25/47 MP: 5/5
  1621 | D:2      | Found a burning altar of Makhleb.
  1628 | D:2      | Found Riheqeuli's Antique Armour Shoppe.
  1639 | D:2      | Reached skill level 5 in Fighting
  2099 | D:3      | Noticed Jessica
  2106 | D:3      | Killed Jessica
  2151 | D:3      | Found a shadowy altar of Dithmenos.
  2183 | D:3      | Found Xyzocwu's Antique Weapon Emporium.
  2450 | D:3      | Reached XP level 6. HP: 46/56 MP: 6/6
  2606 | D:3      | Found a faded altar of an unknown god.
  3574 | D:4      | Became a worshipper of Beogh the Brigand
  3574 | D:4      | Reached * piety under Beogh
  3574 | D:4      | Reached ** piety under Beogh
  3793 | D:4      | Found Goalexe's Neck Hole.
  4543 | D:5      | Entered Level 5 of the Dungeon
  4543 | D:5      | You fall into a shaft and drop 2 floors!
  4605 | D:7      | Found an iron altar of Okawaru.
  4605 | D:7      | Noticed an orc warrior
  4645 | D:6      | Reached XP level 7. HP: 20/63 MP: 7/7
  5033 | D:5      | Found a staircase to the Ecumenical Temple.
  5063 | D:5      | Slain by an ogre

Illustrated notes

Levels and vault maps discovered:
D:1:      dpeg_arrival_castle, layout_basic
D:2:      layout_basic, serial_shops, shop, basic_altar, minmay_close_crescents,
          uniq_natasha
D:3:      layout_basic, nicolae_dithmenos_the_darkroom, serial_shops,
          nicolae_shop_advertising_works [nicolae_subvault_shop_adworks],
          hellmonk_ecumenical_altar_run_dry, uniq_jessica
D:4:      layout_layer_cave, nicolae_shop_sticking_my_neck_out
D:5:      layout_rooms, tso_oasis_becter, temple_fountains
D:6:      layout_basic, kennysheep_generic_room_2, uniq_prince_ribbit1
D:7:      layout_cave_pods, chequers_temple_overflow_minitemple,
          hellmonk_okawaru_the_only_friend_you_need

Skill      XL: |  1  2  3  4  5  6 |
---------------+-------------------+-----
Fighting       | 4 5 6 |  6.3
Dodging        | 3 4 |  4.2
Axes           | 5 6 |  6.8

Action                     |  1- 3 |  4- 6 |  7- 9 || total
---------------------------+-------+-------+-------++-------
  Melee: Hand axe          |    81 |   228 |    30 ||   339
 Invoke: Convert to Beogh  |       |     1 |       ||     1
 Armour: Ring mail         |    15 |    66 |    12 ||    93
         Robe              |     9 |       |       ||     9
  Dodge: Dodged            |    53 |   158 |    21 ||   232

Table legend: (Time is in decaauts)
 A = Elapsed time spent in this place.
 B = Non-inter-level travel time spent in this place.
 C = Inter-level travel time spent in this place.
 D = Time resting spent in this place.
 E = Time spent auto-exploring this place.
 F = Levels seen in this place.
 G = Mean time per level.
                   A        B        C        D        E       F      G
               +--------+--------+--------+--------+--------+-----+--------+
         Total |   5090 |   4925 |    165 |    230 |   3979 |   7 |  727.1 |
       Dungeon |   5090 |   4925 |    165 |    230 |   3979 |   7 |  727.1 |
               +--------+--------+--------+--------+--------+-----+--------+

Top non-repeatable levels by time:
     D:4: 1426 daAuts
     D:2: 1185 daAuts
     D:3: 1018 daAuts
     D:1: 942 daAuts
     D:5: 269 daAuts
     D:6: 156 daAuts
     D:7: 92 daAuts
